 Dungeon Crawl Stone Soup version 0.27-a0-1196-g3e9cee4cb2 (webtiles) character file.

Game seed: 7616326790444291395

126 mordus the Magician (level 5, -3/38 HPs)
             Began as a Djinni Fire Elementalist on May 28, 2021.
             Slain by a lemure (8 damage)
             ... led by Pikel
             ... on level 4 of the Dungeon.
             The game lasted 00:09:16 (2980 turns).

mordus the Magician (Djinni Fire Elementalist)      Turns: 2980, Time: 00:09:16

Health: -3/38      AC:  3    Str: 13    XL:     5   Next: 31%
Gold:   72         EV: 13    Int: 17    God:
                   SH:  0    Dex: 14

rFire    + + .     SeeInvis .   e - +3 club
rCold    x . .     Faith    .   (no shield)
rNeg     . . .     Spirit   .   a - +0 robe
rPois    ∞         Reflect  .   (no helmet)
rElec    .         Harm     .   p - +0 cloak
rCorr    .         Rampage  .   (no gloves)
Will     .....                  (boots unavailable)
Stlth    ++........             (no amulet)
HPRegen  0.12/turn              l - +6 ring of strength
MPRegen  0.00/turn              (no ring)

@: flying
A: sickness immunity, fire resistance 2, cold vulnerability 1, float, innate
caster, hp casting, extra vitality 1
a: no special abilities


You were on level 4 of the Dungeon.
You visited 1 branch of the dungeon, and saw 4 of its levels.

You collected 128 gold pieces.
You spent 56 gold pieces at shops.

Inventory:

Hand Weapons
 e - a +3 club (weapon)
 n - a +1 quarterstaff
Missiles
 o - 8 curare-tipped darts
Armour
 a - a +0 robe (worn)
 p - a +0 cloak (worn)
Jewellery
 l - a +6 ring of strength (left hand)
Wands
 c - a wand of polymorph (7)
Scrolls
 b - 2 scrolls of blinking {unknown}
 f - a scroll of identify
Potions
 d - 3 potions of heal wounds
 g - a potion of flight
 h - a potion of attraction {unknown}
 k - a potion of cancellation {unknown}
 q - a potion of magic {unknown}
 r - a potion of curing {unknown}


   Skills:
 + Level 1.8 Fighting
 + Level 0.8 Staves
 + Level 3.2 Dodging
 - Level 1.5 Stealth
 * Level 3.4 Spellcasting


You couldn't memorise any spells.
You knew the following spells:

 Your Spells              Type           Power      Damage    Failure   Level
a - Foxfire               Conj/Fire      56%        2x1d6     4%          1
b - Conjure Flame         Conj/Fire      14%        6-21      12%         3
c - Inner Flame           Hex/Fire       14%        N/A       12%         3
d - Sticky Flame          Conj/Fire      14%        2d4       36%         4
e - Fireball              Conj/Fire      7%         3d5       73%         5
f - Shock                 Conj/Air       56%        1d6       4%          1
g - Slow                  Hex            14%        N/A       6%          2
Your spell library was empty.

Dungeon Overview and Level Annotations

Branches:
Dungeon (4/15)
 Temple: D:4-7

Altars:
Xom

Shops:
D:1 *   D:2 [   D:3 ((=[?

Annotations:
D:3 Pikel


Innate Abilities, Weirdness & Mutations

You are immune to sickness and miasma.
You are immune to poison.
Your flesh is very heat resistant. (rF++)
You are vulnerable to cold. (rC-)
You float through the air rather than walking.
You learn spells naturally, not from books.
Your magical power is your life essence.
You have superior vitality. (+4 HP)


Message History

Level annotation: Pikel The lemure closely misses you.
The lemure hits you but does no damage. The lemure closely misses you.
The lemure hits you.
There is a stone staircase leading up here.
The lemure hits you. The lemure barely misses you.
The necrophage closely misses you.
You fly upwards.
There is a stone staircase leading down here.
Pikel misses you.
Pikel hits you with a +1 whip of flaming.
Pikel barely misses you.
Casting: Foxfire (safe; 4% risk of failure)
Confirm with . or Enter, or press ? or * to list all spells.
You conjure some foxfire!
The foxfire hits the lemure.
The lemure is lightly wounded.
The lemure hits you.
The foxfire hits the lemure but does no damage.
The lemure is lightly wounded.
The lemure barely misses you. Pikel waves his whip at you.
Pikel hits you with a +1 whip of flaming!
Pikel burns you.
Casting: Foxfire (safe; 4% risk of failure)
Confirm with . or Enter, or press ? or * to list all spells.
You conjure some foxfire!
The lemure hits you.
Your foxfire dissipates!
The foxfire hits the lemure.
The lemure is lightly wounded.
There is a stone staircase leading down here.
The lemure barely misses you.
You fly downwards.
The lemure hits you.
* * * LOW HITPOINT WARNING * * *
The lemure hits you.
* * * LOW HITPOINT WARNING * * *
The lemure misses you.
There is a stone staircase leading up here.
The lemure hits you.
* * * LOW HITPOINT WARNING * * *
The lemure hits you!
You die...

......
#?...#
#....##
#.....#
#.....#
#.....#
#g55..+
#>@5.#
####+#


You could see 3 lemures and a goblin.

Vanquished Creatures
  A bullfrog skeleton (D:3)
  Jessica (D:3)
  2 adders
  2 dart slugs (D:2)
  An orc (D:3)
  4 bats
  8 endoplasms
  A giant cockroach (D:3)
  6 goblins
  5 hobgoblins
  3 ball pythons
  4 kobolds
  4 rats
42 creatures vanquished.

Vanquished Creatures (collateral kills)
  3 foxfires (D:1)
3 creatures vanquished.

Vanquished Creatures (others)
  115 foxfires
115 creatures vanquished.

Grand Total: 160 creatures vanquished

Notes
Turn   | Place    | Note
-------+----------+-------------------------------------------
     0 | D:1      | mordus the Djinni Fire Elementalist began the quest for the
                  | Orb.
     0 | D:1      | Reached XP level 1. HP: 15/15 MP: 0/0
    78 | D:1      | Found Lecaw's Assorted Antiques.
   160 | D:1      | Reached XP level 2. HP: 17/22 MP: 0/0
   568 | D:1      | Found a faded altar of an unknown god.
  1345 | D:2      | Reached XP level 3. HP: 24/26 MP: 0/0
  1345 | D:2      | Learned a level 1 spell: Shock
  1385 | D:2      | Reached skill level 1 in Fighting
  1774 | D:2      | Found a shimmering altar of Xom.
  1840 | D:2      | Found Heuhataf's Armour Shoppe.
  1905 | D:2      | Reached XP level 4. HP: 31/32 MP: 0/0
  2274 | D:3      | Found Xethropt's Weapon Emporium.
  2279 | D:3      | Bought a +0 quarterstaff for 56 gold pieces
  2310 | D:3      | Found Bucryck's Jewellery Shoppe.
  2377 | D:3      | Found Naakhli's Armour Shoppe.
  2380 | D:3      | Found Dibloit's Magic Scroll Shoppe.
  2420 | D:3      | Reached XP level 5. HP: 30/38 MP: 0/0
  2420 | D:3      | Learned a level 2 spell: Slow
  2606 | D:3      | Found Demesib's Weapon Emporium.
  2760 | D:3      | Noticed Jessica
  2765 | D:3      | Killed Jessica
  2891 | D:4      | Noticed a lemure
  2892 | D:4      | Noticed a lemure
  2894 | D:4      | Noticed Pikel
  2894 | D:4      | Noticed a lemure
  2895 | D:4      | Noticed a lemure
  2896 | D:4      | Noticed a necrophage
  2980 | D:4      | Slain by a lemure

Illustrated notes

Levels and vault maps discovered:
D:1:      nzn_arrival_water_spiral, layout_basic, serial_shops,
          nicolae_shop_trees, hellmonk_ecumenical_altar_crossroads,
          kennysheep_boxes
D:2:      layout_basic, basic_altar, serial_shops, shop
D:3:      layout_rooms, serial_shops, shop, shop_statue, nicolae_shop_stone,
          shop, nicolae_shop_stone, uniq_jessica
D:4:      layout_gridville, chequers_temple_overflow_minitemple, uniq_pikel

Skill      XL: |  1  2  3  4 |
---------------+-------------+-----
Fighting       | 1 |  1.8
Spellcasting   | 3 |  3.4
Dodging        | 3 |  3.2
Staves         | |  0.8
Stealth        | |  1.5

Action                   |  1- 3 |  4- 6 || total
-------------------------+-------+-------++-------
Melee: Dagger            |       |     4 ||     4
 Cast: Foxfire           |    42 |    31 ||    73
       Shock             |     3 |       ||     3
  Use: Scroll            |       |     5 ||     5
       Potion            |       |     2 ||     2
Armor: Robe              |     3 |     3 ||     6
Dodge: Dodged            |       |    12 ||    12

Table legend: (Time is in decaauts)
 A = Elapsed time spent in this place.
 B = Non-inter-level travel time spent in this place.
 C = Inter-level travel time spent in this place.
 D = Time resting spent in this place.
 E = Time spent auto-exploring this place.
 F = Levels seen in this place.
 G = Mean time per level.
                   A        B        C        D        E       F      G
               +--------+--------+--------+--------+--------+-----+--------+
         Total |   2979 |   2931 |     48 |    204 |   2390 |   4 |  744.8 |
       Dungeon |   2979 |   2931 |     48 |    204 |   2390 |   4 |  744.8 |
               +--------+--------+--------+--------+--------+-----+--------+

Top non-repeatable levels by time:
     D:1: 1251 daAuts
     D:2: 1012 daAuts
     D:3: 703 daAuts
     D:4: 12 daAuts
